 Dungeon Crawl Stone Soup version 0.22-a0-303-g4a852b3 (webtiles) character file.

317 medis the Charmwright (level 6, 0/39 HPs)
             Began as a Halfling Skald on Mar 27, 2018.
             Was an Initiate of Ashenzari.
             Killed themself with a badly aimed iceblast (20 damage)
             ... on level 4 of the Dungeon.
             The game lasted 00:10:28 (5097 turns).

medis the Charmwright (Halfling Skald)              Turns: 5097, Time: 00:10:29

Health: 0/39       AC:  5    Str: 12    XL:     6   Next: 74%
Magic:  17/17      EV: 16    Int: 12    God:    Ashenzari [......]
Gold:   192        SH:  0    Dex: 15    Spells: 5/8 levels left

rFire    + . .     SeeInvis .   n - +0 dagger (venom)
rCold    . . .     Gourm    .   (shield restricted)
rNeg     . . .     Faith    .   b - +0 leather armour
rPois    .         Spirit   .   (no helmet)
rElec    .         Reflect  .   (no cloak)
rCorr    .         Harm     .   (no gloves)
MR       .....                  p - +1 pair of boots
Stlth    ++........             (no amulet)
HPRegen  0.13/turn              h - ring of magical power
MPRegen  0.15/turn              f - ring of protection from fire

@: no status effects
A: small, mutation resistance 1
a: Curse Item, Renounce Religion


You were on level 4 of the Dungeon.
You worshipped Ashenzari.
Ashenzari was noncommittal.
You were hungry.

You visited 1 branch of the dungeon, and saw 4 of its levels.

You collected 192 gold pieces.

Inventory:

Hand Weapons
 a - a +0 falchion
 c - a +0 blowgun
 n - a +0 dagger of venom (weapon)
Missiles
 o - 29 stones (quivered)
Armour
 b - a +0 leather armour (worn)
 j - a +0 ring mail
 p - a +1 pair of boots (worn)
Jewellery
 f - a ring of protection from fire (right hand)
 h - a ring of magical power (left hand)
Wands
 g - a wand of random effects (21)
Scrolls
 e - 5 scrolls of identify
 k - 3 scrolls of fear
 m - 2 scrolls of remove curse
Comestibles
 d - 5 rations


   Skills:
 - Level 1.7 Fighting
 + Level 3.0(3.8) Short Blades
 - Level 3.0(3.4) Long Blades
 - Level 1.1 Armour
 + Level 4.0 Dodging
 - Level 1.0 Stealth
 - Level 1.5 Spellcasting
 + Level 4.5 Charms
 + Level 2.8 Translocations


You had 5 spell levels left.
You knew the following spells:

 Your Spells              Type           Power        Failure   Level  Hunger
a - Infusion              Chrm           ##..         6%          1    ##.....
b - Shroud of Golubria    Chrm/Tloc      #.........   12%         2    ###....


Dungeon Overview and Level Annotations

Branches:
Dungeon (4/15)
 Temple: D:4-7

Altars:
Ashenzari
Elyvilon
Makhleb
Nemelex Xobeh
Sif Muna
Xom

Annotations:
D:2 Robin
D:4 Dowan, Grinder


Innate Abilities, Weirdness & Mutations

You are small and have problems with some larger weapons.
You are somewhat resistant to further mutation.


Message History

Dowan flickers and vanishes!
Deactivating autopickup; reactivate with Ctrl-A.
Something hits you.
You hear some strange, mumbled words.
A stone arrow appears from out of thin air!
The stone arrow hits you! Something hits you.
Something hits you but does no damage. Something hits you.
Something barely misses you.
You hear some strange, mumbled words.
There is an open door here.
Something hits you but does no damage.
Evoke which item? (* to show all) (? for menu, Esc to quit)
Aiming: Random Effects
Press: ? - help, Shift-Dir - straight line The mass of ice explodes!
The iceblast engulfs something.
The iceblast engulfs you!
Ouch! That really hurt!
You die...

## .#
##########.##..#####
#...............#..#
#.............ee#..#
#...............#..# #..#
#..# ♣♣♣♣
###.!########..## ♣♣..(
#....#...#......# ♣♣....
#..#"#..@#......# ♣♣.....
##.._....'...<.##♣♣......
###.######....#♣♣....♣♣♣
#.##..#######♣....♣#
#.....#.....#♣....♣
####..#.....#♣....♣
#..).....#♣....♣
#####.....#♣....♣
#......####♣....♣#


There were no monsters in sight!

Vanquished Creatures
  Duvessa (D:4)
  2 scorpions
  An orc wizard (D:2)
  An adder (D:2)
  2 worms (D:3)
  A leopard gecko (D:2)
  2 orcs (D:2)
  7 giant cockroaches
  7 goblins
  6 hobgoblins
  14 jackals
  A quokka (D:3)
  6 bats
  5 frilled lizards
  7 kobolds
  4 rats
67 creatures vanquished.

Notes
Turn   | Place    | Note
-------+----------+-------------------------------------------
     0 | D:1      | medis the Halfling Skald began the quest for the Orb.
     0 | D:1      | Reached XP level 1. HP: 14/14 MP: 3/3
    98 | D:1      | Reached XP level 2. HP: 19/19 MP: 4/4
   852 | D:2      | Learned a level 2 spell: Shroud of Golubria
   960 | D:2      | Reached XP level 3. HP: 14/24 MP: 2/5
  1368 | D:2      | Found a deep blue altar of Sif Muna.
  1549 | D:2      | Noticed Robin
  1583 | D:2      | You fall through a shaft!
  1897 | D:2      | Reached skill level 1 in Stealth
  2185 | D:2      | Reached XP level 4. HP: 13/29 MP: 1/6
  2192 | D:2      | Reached skill level 1 in Translocations
  2671 | D:2      | Reached skill level 1 in Short Blades
  3230 | D:3      | Reached XP level 5. HP: 27/34 MP: 5/7
  3296 | D:3      | Found a white marble altar of Elyvilon.
  3296 | D:3      | Found a sparkling altar of Nemelex Xobeh.
  3297 | D:3      | Found a burning altar of Makhleb.
  3940 | D:3      | Found a shimmering altar of Xom.
  3954 | D:3      | Found a shimmering altar of Xom.
  3954 | D:3      | Found a shimmering altar of Xom.
  3954 | D:3      | Found a shimmering altar of Xom.
  3956 | D:3      | Found a shimmering altar of Xom.
  4318 | D:4      | Noticed Grinder
  4414 | D:4      | Found a shattered altar of Ashenzari.
  4421 | D:4      | Became a worshipper of Ashenzari the Shackled
  4430 | D:4      | Noticed Dowan
  4470 | D:4      | Reached XP level 6. HP: 39/39 MP: 8/8
  4689 | D:4      | Paralysed by Grinder for 7 turns
  5051 | D:4      | Noticed Duvessa
  5081 | D:4      | Killed Duvessa
  5097 | D:4      | Killed themself with a badly aimed iceblast

Vault maps used:
D:1:      tarquinn_simple_flora_water_f
D:2:      lemuel_round_altar, uniq_robin
D:3:      xom_redecorated, gammafunk_temple_overflow_claw, first_ration
D:4:      ashenzari_altar_1, old_standard_altar, serial_shops, shop,
          serial_glass, glass_columns_b, glass_columns_a, due_unseen_surprise,
          kennysheep_big_empty_room, hangedman_decor_slide_cut, uniq_duvessa,
          uniq_pikel, uniq_grinder

Skill      XL: |  1  2  3  4  5  6 |
---------------+-------------------+-----
Long Blades    | 3 |  3.0
Stealth        | 1 |  1.0
Translocations | 1 2 |  2.8
Short Blades   | 1 2 3 |  3.0
Dodging        | 3 4 |  4.0
Charms         | 4 |  4.5
Fighting       | |  1.7
Armour         | |  1.1
Spellcasting   | |  1.5

Action                   |  1- 3 |  4- 6 || total
-------------------------+-------+-------++-------
Melee: Falchion          |    97 |       ||    97
       Dagger            |     4 |   119 ||   123
 Cast: Shroud of Golubri |       |     1 ||     1
Evoke: Wand              |       |     1 ||     1
  Use: Potion            |     2 |     2 ||     4
       Scroll            |       |     1 ||     1
 Stab: Sleeping          |     2 |       ||     2
       Invisible         |       |     1 ||     1
  Eat: Chunk             |     4 |     9 ||    13
Armor: Leather armour    |    29 |    32 ||    61
Dodge: Dodged            |   100 |    95 ||   195
       Rpst.: Falchion   |    22 |       ||    22

Table legend:
 A = Spawn XP
 B = Non-spawn XP
 C = Spawn XP percentage of total XP
 D = Spawn monster count
 E = Non-spawn monster count
 F = Spawn count percentage of total count
 G = Total turns spent on level
                    A         B        C        D         E        F      G
               +---------+---------+-------+---------+---------+-------+---------
         Total |       0 |     454 |   0.0 |       0 |      67 |   0.0 |  5097
               +---------+---------+-------+---------+---------+-------+---------
           D:1 |       0 |      24 |   0.0 |       0 |      15 |   0.0 |   797
           D:2 |       0 |      94 |   0.0 |       0 |      23 |   0.0 |  2068
           D:3 |       0 |     116 |   0.0 |       0 |      23 |   0.0 |  1933
           D:4 |       0 |     220 |   0.0 |       0 |       6 |   0.0 |   299
               +---------+---------+-------+---------+---------+-------+---------
